 Dungeon Crawl Stone Soup version 0.18-a0-1773-gec4f98e (webtiles) character file.

699 SkaryMonk the Insei (level 7, -1/49 (53) HPs)
             Began as a Demigod Wanderer on Jan 22, 2015.
             Shot with an arrow by a centaur (7 damage)
             ... on level 5 of the Dungeon on Apr 14, 2016.
             The game lasted 00:30:34 (5278 turns).

SkaryMonk the Insei (Demigod Wanderer)              Turns: 5278, Time: 00:30:35

HP:   -1/49 (53)    AC:  9    Str: 16    XL:     7   Next: 15%
MP:   9/9           EV: 10    Int: 16    God:
Gold: 316           SH:  0    Dex: 18    Spells: 1 memorised, 5 levels left

rFire  . . .     SeeInvis .       - Unarmed
rCold  . . .     Gourm    .     b - +0 ring mail
rNeg   + . .     Faith    .     (no shield)
rPois  .         Spirit   .     n - +1 helmet
rElec  .         Dismiss  .     w - +0 cloak
rCorr  .         Reflect  .     (no gloves)
SustAt +         Harm     .     j - +0 pair of boots
MR     .....                    r - amulet of magic regeneration
Stlth  +.........               (no ring)
                                m - ring of positive energy

@: not resistant to hostile enchantments, very unstealthy
A: sustain attributes
a: no special abilities


You were on level 5 of the Dungeon.
You were not hungry.

You visited 1 branch of the dungeon, and saw 5 of its levels.

You collected 316 gold pieces.

Notes
Turn   | Place    | Note
--------------------------------------------------------------
     0 | D:1      | SkaryMonk, the Demigod Wanderer, began the quest for the Orb.
     0 | D:1      | SkaryMonk set off with: a +2 shortbow, a +0 ring mail, the Reference Book on Moulding, 27 arrows, a bread ration
     0 | D:1      | Reached XP level 1. HP: 17/17 MP: 2/2
     2 | D:1      | Identified the Reference Book on Moulding
   236 | D:1      | Found a sparkling altar of Nemelex Xobeh.
   238 | D:1      | Reached skill level 1 in Unarmed Combat
   667 | D:1      | Reached XP level 2. HP: 24/24 MP: 3/3
   705 | D:1      | Reached skill level 2 in Unarmed Combat
  1038 | D:2      | Reached XP level 3. HP: 24/29 MP: 5/5
  1073 | D:2      | Found a deep blue altar of Sif Muna.
  1236 | D:2      | Reached skill level 3 in Unarmed Combat
  1278 | D:2      | Found a shattered altar of Ashenzari.
  1726 | D:2      | Noticed Robin
  1737 | D:3      | Reached XP level 4. HP: 29/36 MP: 7/7
  1763 | D:3      | Reached skill level 4 in Unarmed Combat
  2186 | D:3      | Noticed Jessica
  2191 | D:3      | Killed Jessica
  2221 | D:3      | Found a glowing golden altar of the Shining One.
  2537 | D:3      | Reached XP level 5. HP: 37/37 MP: 8/8
  2560 | D:3      | Found a shadowy altar of Dithmenos.
  2598 | D:3      | Found a blossoming altar of Fedhas.
  2764 | D:3      | Found an ancient bone altar of Kikubaaqudgha.
  2994 | D:3      | Reached skill level 5 in Unarmed Combat
  3429 | D:2      | Found a deep blue altar of Sif Muna.
  3569 | D:2      | Found a shattered altar of Ashenzari.
  3697 | D:2      | Killed Robin
  3919 | D:4      | Learned a level 1 spell: Beastly Appendage
  3953 | D:4      | Noticed Blork the orc
  3974 | D:4      | Killed Blork the orc
  3974 | D:4      | Reached XP level 6. HP: 39/44 MP: 10/10
  4024 | D:4      | Reached skill level 6 in Unarmed Combat
  4135 | D:4      | Noticed Gorice's ghost (average DgWn)
  4217 | D:5      | Entered Level 5 of the Dungeon
  4299 | D:5      | Noticed Johnny's ghost (experienced OpFi)
  4344 | D:5      | Found a snail-covered altar of Cheibriados.
  4358 | D:5      | Found Pnuak's Armour Emporium.
  5007 | D:4      | Upgraded the game from 0.16-a0-3736-g4b94454 to 0.18-a0-1773-gec4f98e
  5197 | D:5      | Reached skill level 7 in Unarmed Combat
  5197 | D:5      | Reached XP level 7. HP: 49/49 MP: 9/9
  5278 | D:5      | Shot with an arrow by a centaur

Inventory:

Hand Weapons
 a - a +3 shortbow
Missiles
 d - 92 arrows
Armour
 b - a +0 ring mail (worn)
 j - a +0 pair of boots (worn)
 n - a +1 helmet (worn)
 w - a +0 cloak (worn)
Jewellery
 m - a ring of positive energy (left hand)
 r - an amulet of magic regeneration (around neck)
 v - a +4 ring of protection {unknown}
Wands
 e - a wand of enslavement (0/24)
 q - a wand of random effects (11/48)
 A - a wand of digging (7/24)
Scrolls
 l - 2 scrolls of enchant armour
 o - 2 scrolls of recharging
 t - a scroll of remove curse
 x - a scroll of amnesia
 y - 2 scrolls of fear {unknown}
Potions
 h - a potion of brilliance {unknown}
 i - a potion of flight
 u - a potion of degeneration {unknown}
 z - a potion of lignification {unknown}
 B - a potion of curing
 C - a potion of invisibility {unknown}
 D - a potion of ambrosia {unknown}
Books
 c - the Reference Book on Moulding

   Spells                             Type                      Level
   a - Beastly Appendage              Transmutation                1
   b - Stoneskin                      Transmutation/Earth          2
Comestibles
 f - 3 bread rations
 g - 5 meat rations
 k - a beef jerky
 s - a royal jelly
 E - 4 chunks of flesh

Table legend:
 A = Turns spent in this place as a percentage of turns spent in the entire game.
 B = Non-inter-level travel turns spent in this place as a percentage of non-inter-level travel turns spent in the entire game.
 C = Inter-level travel turns spent in this place as a percentage of turns spent in this place.
 D = Turns resting spent in this place as a percentage of non-inter-level travel turns spent in this place.
 E = Turns spent auto-exploring this place as a percentage of non-inter-level travel turns spent in this place.
 F = Non-inter-level travel turns spent in this place divided by the number of levels of this place that you've seen.
                   A       B       C       D       E      F
               +-------+-------+-------+-------+-------+----------------------
         Total | 100.0 | 100.0 |   0.5 |   3.0 |  10.6 | 308.6
       Dungeon | 100.0 | 100.0 |   0.5 |   3.0 |  10.6 | 308.6
               +-------+-------+-------+-------+-------+----------------------


   Skills:
 - Level 1.7 Fighting
 - Level 1.0 Bows
 - Level 1.7 Throwing
 - Level 1.7 Armour
 + Level 7.3 Unarmed Combat
 - Level 1.0 Transmutations
   Level 1.7 Poison Magic


You had 5 spell levels left.
You knew the following spells:

 Your Spells              Type           Power        Failure   Level  Hunger
a - Beastly Appendage     Trmt           #.....       30%         1    ##.....


Dungeon Overview and Level Annotations

Branches:
Dungeon (5/15)
 Temple: D:4-7

Shops:
D:5 [

Annotations:
D:4 Gorice's ghost, amateur DgWn; Gorice's ghost, average DgWn
D:5 Johnny's ghost, experienced OpFi


Innate Abilities, Weirdness & Mutations

Your attributes are resistant to harm.


Message History

As you read the scroll of teleportation, it crumbles to dust.
You feel strangely unstable. The ogre hits you but does no damage.
There is a fountain of clear blue water here.
Your surroundings seem slightly different.
There is an open door here.
A centaur comes into view.
It is wielding an enchanted short sword.
The centaur unwields an uncursed enchanted short sword.
The centaur wields a shortbow.
The centaur shoots an arrow.
The arrow barely misses you.
Found 21 poisoned needles.
Found a stone staircase leading down.
Evoke which item? (* to show all) (? for menu, Esc to quit)
Zapping:
e - a wand of enslavement {zapped: 7} (will waste charges)
Press: ? - help, Shift-Dir - straight line, f/p - ogre
Aim: an ogre, wielding a giant club (lightly wounded, chance to defeat MR: 46%)
The ogre resists with some effort.
Evoking this partially-identified wand wasted a few charges.
The centaur shoots an arrow.
The arrow hits you.
* * * LOW HITPOINT WARNING * * *
The centaur shoots an arrow.
The arrow hits you!
You die...

... ##....W. ### #>.
...## ##...##..
(..##.. #..#
##..####.. ....#..
#..###..## #o.
....... #.....## #..
.c..... #.....# #..
....... ##....## #.#
.......###......#
#.#
...l...@.O..##..##
#..
#.......(.#####..###
#.. ##.......##
##...# ##. #########
####'##### #
#.......## .y
#.⌠...⌠.## ...
###.O.....#. #..
#.'...⌠...'. #..##
#### #)#.......#.


You could see an ogre, a centaur and a giant gecko.

Table legend:
 A = Kills in this place as a percentage of kills in entire the game.
 B = Kills by you in this place as a percentage of kills by you in the entire game.
 C = Kills by friends in this place as a percentage of kills by friends in the entire game.
 D = Other kills in this place as a percentage of other kills in the entire game.
 E = Experience gained in this place as a percentage of experience gained in the entire game.
 F = Experience gained in this place divided by the number of levels of this place that you have seen.
                   A       B       C       D       E      F
               +-------+-------+-------+-------+-------+----------------------
         Total | 100.0 | 100.0 |  -nan |  -nan | 100.0 | 199.8
       Dungeon | 100.0 | 100.0 |  -nan |  -nan | 100.0 | 199.8
               +-------+-------+-------+-------+-------+----------------------

Vanquished Creatures
  A centaur (D:4)
  Blork the orc (D:4)
  A scorpion (D:5)
  A killer bee (D:5)
  A hound (D:4)
  An orc wizard (D:5)
  An orc priest (D:5)
  A worker ant (D:3)
  2 iguanas (D:4)
  Jessica (D:3)
  Robin (D:2)
  4 gnolls (D:3)
  10 adders
  2 worms (D:3)
  A giant gecko (D:5)
  3 oozes
  7 orcs
  4 bat skeletons
  4 bat zombies (D:3)
  4 giant cockroaches
  14 goblins
  17 hobgoblins
  2 quokkas
  2 ball pythons
  13 bats
  4 giant newts
  9 jackals
  16 kobolds
  9 rats
137 creatures vanquished.

Action                   |  1- 3 |  4- 6 |  7- 9 || total
-------------------------+-------+-------+-------++-------
Melee: Unarmed           |   133 |   317 |    17 ||   467
       Punch             |       |       |     1 ||     1
 Fire: Shortbow          |    59 |    50 |       ||   109
Evoke: Club              |       |     1 |       ||     1
       Wand              |       |     2 |     1 ||     3
  Use: Scroll            |     4 |     6 |       ||    10
       Potion            |       |     5 |       ||     5
       Scroll            |       |       |     1 ||     1
  Eat: Chunk             |     2 |    11 |       ||    13
       Chunk             |       |     1 |       ||     1
Armor: Ring mail         |       |     1 |     5 ||     6
Dodge: Dodged            |       |     4 |    10 ||    14

Vault maps used:
D:1:      lightli_molten_gateway, nemelex_deck
D:2:      overflow_temple_1_default, lemuel_doored_altar, first_bread,
          uniq_robin
D:3:      nicolae_tso_carved_into_rock, lemuel_crystal_altar,
          kennysheep_vampire_church, nicolae_dithmenos_through_a_glass_darkly,
          uniq_jessica
D:4:      forest_paths, uniq_blork_the_orc
D:5:      nicolae_overflow_crystal_walls, minmay_temple_entry_overgrown,
          serial_shops, nicolae_shop_stone, hex_tiny, minmay_fountain_box
